 Dungeon Crawl Stone Soup version 0.29.1-15-g9cfb28693d (webtiles) character file.

Game seed: 15470097163686253407

8 Artool the Trooper (level 2, 20/24 HPs)
             Began as a Demonspawn Fighter on Apr 11, 2023.
             Quit the game on level 1 of the Dungeon.
             The game lasted 00:01:10 (206 turns).

Artool the Trooper (Demonspawn Fighter)              Turns: 206, Time: 00:01:10

Health: 20/24      AC:  6    Str: 16    XL:     2   Next: 0%
Magic:  2/2        EV:  8    Int:  9    God:
Gold:   22         SH:  4    Dex: 12    Spells: 1/1 levels left

rFire   . . .      SeeInvis .   a - +0 flail
rCold   . . .      Faith    .   c - +0 buckler
rNeg    . . .      Spirit   .   b - +0 scale mail
rPois   .          Reflect  .   (no helmet)
rElec   .          Harm     .   (no cloak)
rCorr   .          Rampage  .   (no gloves)
Will    .....                   (no boots)
Stlth   ..........              (no amulet)
HPRegen 0.08/turn               (no ring)
MPRegen 0.08/turn               (no ring)

@: no status effects
A: demonic touch 1
a: no special abilities


You were on level 1 of the Dungeon.
You visited 1 branch of the dungeon, and saw 1 of its levels.

You collected 22 gold pieces.

Inventory:

Hand Weapons
 a - a +0 flail (weapon)
Armour
 b - a +0 scale mail (worn)
 c - a +0 buckler (worn)
Scrolls
 e - a scroll of identify {unknown}
Potions
 d - a potion of might


   Skills:
 + Level 3.1 Fighting
 + Level 2.0 Maces & Flails
 + Level 2.8 Armour
 + Level 2.8 Shields


You had one spell level left.
You didn't know any spells.
Your spell library was empty.

Dungeon Overview and Level Annotations

Branches:
Dungeon (1/15)

Altars:


Innate Abilities, Weirdness & Mutations

Your touch may inflict minor irresistible damage on your foes.


Message History

You miss the bat. The bat hits you but does no damage.
You closely miss the bat. You block the bat's attack.
The bat completely misses you.
You see here 12 gold pieces.
The bat hits you but does no damage. The bat barely misses you.
You sock the bat!
You kill the bat!
You now have 22 gold pieces (gained 12).
You open the door.
There is an open door here.
Found a stone staircase leading down.
No target in view!
There is a stone staircase leading down here.
A quokka comes into view.
Found a whip.
A bat and a frilled lizard come into view.
The frilled lizard hisses angrily.
The quokka twitches its whiskers.
There are monsters nearby!
You miss the quokka. The bat barely misses you. The quokka bites you.
You block the quokka's attack.
There are monsters nearby!
You hit the quokka.
The quokka is almost dead.
The bat completely misses you. The bat hits you but does no damage.
The quokka bites you.
You hit the quokka.
You kill the quokka!
The bat closely misses you.
You sock the frilled lizard!
You kill the frilled lizard!
The bat hits you but does no damage.
You sock the bat!
You kill the bat!
Your Maces & Flails skill increases to level 2!
You have reached level 2!
You feel monstrous as your demonic heritage exerts itself.
Your demonic ancestry asserts itself...
Your hands begin to faintly glow with unholy energy.
Are you sure you want to abandon this character and quit the game? (Confirm with "yes".)

#...<. #..... #..P.P
#.P#~# ..##.##~# .
#.##.~~~~ ...######
#.##.##~# #.......###
#....P#~# #....)†@.# .
#.##..P.P #......#.#
.####.##..... #......#.#
..##.###.###
#......#.####.##.##..###
+......#....#.##........
#......####....#######..
#...... ##...# #.#
#...... ###.#######.#
#>......#.#


There were no monsters in sight!

Vanquished Creatures
  3 bats (D:1)
  A giant cockroach (D:1)
  A kobold (D:1)
  A quokka (D:1)
  A frilled lizard (D:1)
  A rat (D:1)
8 creatures vanquished.

Notes
Turn   | Place    | Note
-------+----------+-------------------------------------------
     0 | D:1      | Artool the Demonspawn Fighter began the quest for the Orb.
     0 | D:1      | Reached XP level 1. HP: 18/18 MP: 1/1
   206 | D:1      | Discovered your monstrous ancestry.
   206 | D:1      | Gained mutation: Your touch may inflict minor irresistible
                  | damage on your foes. [demonic ancestry]
   206 | D:1      | Reached XP level 2. HP: 20/24 MP: 2/2
   206 | D:1      | Quit the game

Illustrated notes

Levels and vault maps discovered:
D:1:      eino_arrival_water_cross, layout_basic, serial_bayou_ford_a,
          minmay_indecisive_spiral

Skill      XL: |  1 |
---------------+----+-----
Maces & Flails | 2 |  2.0
Fighting       | |  3.1
Armour         | |  2.8
Shields        | |  2.8

Action                   || total
-------------------------++-------
Melee: Flail             ||    37
Armor: Scale mail        ||    22
Dodge: Dodged            ||    31
Block: Buckler           ||    11
